 Dungeon Sprint DCSS version 0.17.2-1-ge4368a0 (webtiles) character file.

1300000 hexophile the Executioner (level 11, -5/51 HPs)
             Began as a Spriggan Fighter on Oct 15, 2016.
             Was an Initiate of Makhleb.
             Slain by a meat berserker
             ... wielding a +9 battleaxe
              (56 damage)
             ... in the Dungeon (Sprint VIII: "Arena of Blood").
             The game lasted 00:00:32 (13 turns).

hexophile the Executioner (Spriggan Fighter)          Turns: 13, Time: 00:00:32

Health: -5/51      AC:  2    Str: 13    XL:     11   Next: 71%
Magic:  12/12      EV: 20    Int: 10    God:    Makhleb [......]
Gold:   0          SH:  0    Dex: 18    Spells: 0 memorised, 10 levels left

rFire  . . .     SeeInvis +     d - +∞ Axe of Woe
rCold  . . .     Clarity  .     a - +0 robe
rNeg   . . .     SustAt   .     (shield currently unavailable)
rPois  .         Gourm    .     (helmet restricted)
rElec  .         Spirit   .     (no cloak)
rCorr  .         Warding  .     (gloves unavailable)
rMut   .         NoTele   +     (boots unavailable)
MR     +....                    (no amulet)
Stlth  ++........               (no ring)
                                (no ring)

@: very quick, somewhat resistant to hostile enchantments, unstealthy
A: unfitting armour, see invisible, herbivore 3, speed 3, slow metabolism 2
a: Renounce Religion


You were in the Dungeon.
You worshipped Makhleb.
Makhleb was noncommittal.
You were not hungry.

You visited 1 branch


Innate Abilities, Weirdness & Mutations

You are tiny and cannot use many weapons and most armour.
You have supernaturally acute eyesight.
You are a herbivore.
You cover ground extremely quickly.
You need consume almost no food.

Inventory:

Hand Weapons
 d - the +∞ Axe of Woe (weapon)
   (You found it in the Dungeon)
Armour
 a - a +0 robe (worn)
 b - a +0 buckler
Scrolls
 j - a scroll of blinking
Potions
 c - a potion of might {Str+5 DMG+1d10}
 e - a potion of curing
 f - a potion of heal wounds
 g - a potion of haste
 h - 2 potions of magic
 i - a potion of berserk rage
Comestibles
 r - a bread ration


You had 10 spell levels left.
You didn't know any spells.


   Skills:
 - Level 2.4 Fighting
 + Level 22.4 Axes
 - Level 4.4 Dodging
 - Level 2.1 Shields
 - Level 1.5 Unarmed Combat

Dungeon Overview and Level Annotations

Branches:
Dungeon (1/1)

Altars:
Makhleb

Vault maps used:
D:        meatsprint
You       could see 2 meat berserkers and 4 bags of meat.


Message History

You continue taking off your +0 buckler.
You hear a shout! x8
You continue taking off your +0 buckler.
You hear a shout! x4
You continue taking off your +0 buckler.
You hear a shout! x5
You continue taking off your +0 buckler.
You hear a shout! x4
You finish taking off your +0 buckler.
Wield which item (- for none, * to show all)? (? for menu, Esc to quit)
d - the +∞ Axe of Woe (weapon)
The bag of meat shouts! x2
You hear a shout! x6
A meat berserker comes into view. It is wielding a +9 battleaxe.
A bag of meat comes into view. It is wielding a +9 war axe.
The bag of meat shouts!
You hear a shout!
You hear a shout!
You hear a shout!
You hear a shout!
You hear a shout! x6
There is a burning altar of Makhleb here.
You hear a shout! x10
You hit the bag of meat.
You dissect the bag of meat like a pig carcass.
You kill the bag of meat!
Makhleb accepts your kill.
Your Axes skill gained 22 levels and is now at level 22!
You have reached level 2!
You have reached level 3!
Your experience leads to an increase in your attributes!
Increase (S)trength, (I)ntelligence, or (D)exterity?
You feel stronger.
You have reached level 4!
You have reached level 5!
You feel clever.
You have reached level 6!
Your experience leads to an increase in your attributes!
Increase (S)trength, (I)ntelligence, or (D)exterity?
You feel agile.
You have reached level 7!
You have reached level 8!
You have reached level 9!
Your experience leads to an increase in your attributes!
Increase (S)trength, (I)ntelligence, or (D)exterity?
You feel agile.
You have reached level 10!
You feel agile.
You have reached level 11!
You hear a shout! x10
The meat berserker hits you with a +9 battleaxe!!!
Ouch! That really hurt!
You die...

Action                   |  1- 3 |  4- 6 |  7- 9 | 10-12 || total
-------------------------+-------+-------+-------+-------++-------
Melee: Broad axe         |     1 |       |       |       ||     1

Notes
Turn   | Place    | Note
--------------------------------------------------------------
     0 | D        | hexophile the Spriggan Fighter began the quest for the Orb.
     0 | D        | Reached XP level 1. HP: 11/11 MP: 2/2
     3 | D        | Became a worshipper of Makhleb the Destroyer
     8 | D        | Noticed a meat berserker
     9 | D        | Noticed a bag of meat
     9 | D        | Noticed a bag of meat
     9 | D        | Noticed a bag of meat
    10 | D        | Noticed a meat berserker
    10 | D        | Noticed a bag of meat
    13 | D        | Killed a bag of meat
    13 | D        | Reached skill level 22 in Axes
    13 | D        | Reached XP level 2. HP: 16/16 MP: 3/3
    13 | D        | Reached XP level 3. HP: 19/19 MP: 4/4
    13 | D        | Reached XP level 4. HP: 23/23 MP: 5/5
    13 | D        | Reached XP level 5. HP: 27/27 MP: 6/6
    13 | D        | Reached XP level 6. HP: 32/32 MP: 7/7
    13 | D        | Reached XP level 7. HP: 35/35 MP: 8/8
    13 | D        | Reached XP level 8. HP: 39/39 MP: 9/9
    13 | D        | Reached XP level 9. HP: 43/43 MP: 10/10
    13 | D        | Reached XP level 10. HP: 47/47 MP: 11/11
    13 | D        | Reached XP level 11. HP: 51/51 MP: 12/12
    13 | D        | Slain by a meat berserker

Table legend:
 A = Turns spent in this place as a percentage of turns spent in the entire game.
 B = Non-inter-level travel turns spent in this place as a percentage of non-inter-level travel turns spent in the entire game.
 C = Inter-level travel turns spent in this place as a percentage of turns spent in this place.
 D = Turns resting spent in this place as a percentage of non-inter-level travel turns spent in this place.
 E = Turns spent auto-exploring this place as a percentage of non-inter-level travel turns spent in this place.
 F = Non-inter-level travel turns spent in this place divided by the number of levels of this place that you've seen.
                   A       B       C       D       E      F
               +-------+-------+-------+-------+-------+----------------------
         Total | 100.0 | 100.0 |   0.0 |   0.0 |   0.0 |  15.0
       Dungeon | 100.0 | 100.0 |   0.0 |   0.0 |   0.0 |  15.0
               +-------+-------+-------+-------+-------+----------------------

Table legend:
 A = Kills in this place as a percentage of kills in entire the game.
 B = Kills by you in this place as a percentage of kills by you in the entire game.
 C = Kills by friends in this place as a percentage of kills by friends in the entire game.
 D = Other kills in this place as a percentage of other kills in the entire game.
 E = Experience gained in this place as a percentage of experience gained in the entire game.
 F = Experience gained in this place divided by the number of levels of this place that you have seen.
                   A       B       C       D       E      F
               +-------+-------+-------+-------+-------+----------------------
         Total | 100.0 | 100.0 |  -nan |  -nan | 100.0 | 18760.0
       Dungeon | 100.0 | 100.0 |  -nan |  -nan | 100.0 | 18760.0
               +-------+-------+-------+-------+-------+----------------------

Vanquished Creatures
  An orc (D)
1 creature vanquished.
